 Dungeon Crawl Stone Soup version 0.18-a0-1026-ge317a7f (webtiles) character file.

207 tehphobia the Firebug (level 5, -2/28 HPs)
             Began as a Deep Elf Fire Elementalist on Jan 8, 2016.
             Killed from afar by tehphobia's ghost (7 damage)
             ... with a flame tongue
             ... on level 3 of the Dungeon.
             The game lasted 00:05:10 (2745 turns).

tehphobia the Firebug (Deep Elf Fire Elementalist)  Turns: 2745, Time: 00:05:10

Health: -2/28      AC:  2    Str:  5    XL:     5   Next: 54%
Magic:  7/11       EV: 13    Int: 21    God:
Gold:   106        SH:  0    Dex: 15    Spells: 1 memorised, 9 levels left

rFire  . . .     SeeInvis .     e - +6 club
rCold  . . .     Gourm    .     a - +0 robe
rNeg   . . .     Faith    .     (no shield)
rPois  .         Spirit   .     (no helmet)
rElec  .         Dismiss  .     (no cloak)
rCorr  .         Reflect  .     (no gloves)
SustAt .         Harm     .     (no boots)
MR     .....                    (no amulet)
Stlth  ++........               (no ring)
                                (no ring)

@: not resistant to hostile enchantments, unstealthy
A: no striking features
a: no special abilities


You were on level 3 of the Dungeon.
You were very hungry.

You visited 1 branch of the dungeon, and saw 3 of its levels.

You collected 106 gold pieces.

Inventory:

Hand Weapons
 d - a +0 dagger
 e - a +6 club (weapon)
Armour
 a - a +0 robe (worn)
Jewellery
 h - an uncursed amulet of inaccuracy
 i - an uncursed ring of flight
 r - a +2 ring of strength {unknown}
Scrolls
 f - a scroll of identify
 j - 2 scrolls of enchant weapon {unknown}
 m - a scroll of amnesia {unknown}
Potions
 g - 3 potions of curing {unknown}
 k - 2 potions of heal wounds {unknown}
 n - 2 potions of might {unknown}
 p - a potion of brilliance {unknown}
 q - a potion of haste {unknown}
 s - a potion of lignification {unknown}
Books
 b - a book of Flames

   Spells                             Type                      Level
   a - Flame Tongue                   Conjuration/Fire             1
   b - Throw Flame                    Conjuration/Fire             2
   c - Conjure Flame                  Conjuration/Fire             3
   d - Inner Flame                    Hexes/Fire                   3
   e - Sticky Flame                   Conjuration/Fire             4
   f - Fireball                       Conjuration/Fire             5
Comestibles
 c - 2 bread rations
 l - 4 fruits
 o - a royal jelly
 t - a slice of pizza


   Skills:
 - Level 2.4 Dodging
 - Level 2.4 Stealth
 - Level 3.0 Spellcasting
 + Level 4.3 Conjurations
 + Level 5.3 Fire Magic


You had 9 spell levels left.
You knew the following spells:

 Your Spells              Type           Power        Failure   Level  Hunger
a - Flame Tongue          Conj/Fire      ###..        1%          1    None


Dungeon Overview and Level Annotations

Branches:
Dungeon (3/15)

Altars:

Annotations:
D:3 tehphobia's ghost, amateur DEFE


Message History

Aiming: Flame Tongue
Press: ? - help, Shift-Dir - straight line, f/p - tehphobia's ghost
Aim: tehphobia's ghost (moderately damaged)
The flame tongue misses tehphobia's ghost.
Tehphobia's ghost misses you.
You barely miss tehphobia's ghost.
Tehphobia's ghost is moderately damaged.
Tehphobia's ghost barely misses you. Tehphobia's ghost closely misses you.
The orc wizard shouts!
You hit tehphobia's ghost but do no damage.
Tehphobia's ghost is moderately damaged.
The orc wizard gestures wildly while chanting.
The orc wizard seems to speed up.
The orc wizard gestures wildly while chanting.
The orc wizard blinks!
Tehphobia's ghost closely misses you. The orc hits you with a club.
* * * LOW HITPOINT WARNING * * *
Tehphobia's ghost points at you and mumbles some strange words.
The flame tongue hits you!
You die...

### ## ### #.### #.# #.# #...#
#.#####.# #.#.# #.......# #.#.#
#.#####.##### #.#.#
#.#.........###+##
#.#.###########.#.###.###.#....#
#.#....................##.#....#
##.#..#....#####@....#####......+
............^....o....#.........#
.#.#..#.....##..W.......##......#
.#.#..#.....#...............##.##
.#.#..###.#......o.......##.##.##
.#........................#......
.#....###.............o..........
......................o..........
.#...........................#.##


You could see 3 orc wizards, tehphobia's ghost and an orc.

Vanquished Creatures
  A crimson imp (D:3)
  Ijyb (D:2)
  Jessica (D:2)
  5 adders
  An ooze (D:1)
  3 worms
  4 giant geckos
  5 orcs
  2 giant cockroaches (D:2)
  2 goblins
  2 hobgoblins
  6 jackals (D:3)
  8 kobolds
  A ball python (D:2)
  8 bats
  4 giant newts
  4 rats
58 creatures vanquished.

Notes
Turn   | Place    | Note
--------------------------------------------------------------
     0 | D:1      | tehphobia the Deep Elf Fire Elementalist began the quest for the Orb.
     0 | D:1      | Reached XP level 1. HP: 10/10 MP: 6/6
   210 | D:1      | Reached XP level 2. HP: 12/15 MP: 5/8
   575 | D:2      | Noticed Ijyb
   623 | D:2      | Killed Ijyb
   623 | D:2      | Reached skill level 4 in Fire Magic
   623 | D:2      | Reached XP level 3. HP: 1/19 MP: 0/9
  1047 | D:2      | Noticed Jessica
  1056 | D:2      | Killed Jessica
  1056 | D:2      | Reached XP level 4. HP: 8/24 MP: 1/10
  1691 | D:2      | Reached XP level 5. HP: 18/28 MP: 1/11
  1842 | D:2      | Reached skill level 5 in Fire Magic
  2257 | D:3      | Noticed tehphobia's ghost (amateur DEFE)
  2745 | D:3      | Killed from afar by tehphobia's ghost

Vault maps used:
D:1:      mrwooster_arrival_statue
D:2:      wad_orctagon, uniq_jessica, uniq_iyjb
D:3:      first_bread, minmay_misc_feat_five

Action                   |  1- 3 |  4- 6 || total
-------------------------+-------+-------++-------
Melee: Unarmed           |    15 |       ||    15
       Club              |       |    10 ||    10
 Cast: Flame Tongue      |    50 |    73 ||   123
  Use: Scroll            |     3 |       ||     3
  Eat: Chunk             |       |     4 ||     4
